 Dungeon Crawl Stone Soup version 0.25.1-2-g60ff931df9 (webtiles) character file.

Game seed: 14613050165417319583

77 Garessta the Changer (level 4, 0/19 HPs)
             Began as a Felid Transmuter on Oct 18, 2020.
             Succumbed to a worker ant's poison
             ... in the Ecumenical Temple.
             The game lasted 00:09:57 (4765 turns).

Garessta the Changer (Felid Transmuter)             Turns: 4765, Time: 00:09:57

Health: 0/19       AC:  2    Str:  6    XL:     4   Next: 13%
Magic:  5/8        EV: 21    Int: 16    God:
Gold:   93         SH:  0    Dex: 21    Spells: 1/7 levels left
                                        Lives:  0   Deaths: 1

rFire    . . .     SeeInvis +     - Unarmed
rCold    . . .     Gourm    .   (shield unavailable)
rNeg     . . .     Faith    .   (armour unavailable)
rPois    x         Spirit   .   (helmet unavailable)
rElec    .         Reflect  .   (cloak unavailable)
rCorr    .         Harm     .   (gloves unavailable)
MR       .....                  (boots unavailable)
Stlth    ++........             (no amulet)
HPRegen  0.06/turn              (no ring)
MPRegen  0.11/turn              (no ring)

@: lethally poisoned (0 -> -33), spider-form, stab
A: tiny, no armour, no weapons or thrown items, stealth, see invisible,
carnivore, slow metabolism 1
a: End Transformation


You were in the Ecumenical Temple.
You were completely stuffed.
You were a venomous arachnid creature.
You visited 2 branches of the dungeon, and saw 5 of its levels.

You collected 93 gold pieces.

Inventory:

Missiles
 a - 31 arrows
Scrolls
 b - 2 scrolls of teleportation
 e - 4 scrolls of remove curse
 f - a scroll of fear
Potions
 d - 2 potions of brilliance
 g - a potion of berserk rage
 l - a potion of haste {unknown}
Comestibles
 c - 6 rations
 i - a chunk of flesh


   Skills:
 - Level 1.0 Fighting
 - Level 2.6 Dodging
 - Level 3.0 Unarmed Combat
 - Level 2.0 Spellcasting
 + Level 5.9 Transmutations


You had one spell level left.
You knew the following spells:

 Your Spells              Type           Power        Failure   Level  Hunger
a - Beastly Appendage     Tmut           ###...       8%          1    #......
b - Sticks to Snakes      Tmut           ###.....     10%         2    ###....
c - Spider Form           Tmut/Pois      ##........   38%         3    ###....

Your spell library contained the following spells:

 Spells                   Type           Power        Failure   Level  Hunger
 Blade Hands              Tmut           ###.......   67%         5    ######.
 Ice Form                 Ice/Tmut       ##......     73%         4    #####..


Dungeon Overview and Level Annotations

Branches:
Dungeon (5/15)             Temple (1/1) D:5

Altars:
Dithmenos
Gozag
Nemelex Xobeh
Yredelemnul
The Shining One

Annotations:
D:5 Edmund, Grinder


Innate Abilities, Weirdness & Mutations

You cannot wear armour.
You are incapable of wielding weapons or throwing items.
Your paws allow you to move quietly. (Stealth)
((You have sharp claws.))
((You have razor-sharp teeth.))
You have supernaturally acute eyesight. (SInv)
You are carnivorous and can eat meat at any time.
((You cover ground quickly.))
((You are covered in fur. (AC +1)))
You have a slow metabolism.
((Your sharp claws are effective at attacking unaware monsters.))


Message History

You climb downwards.
Welcome to the Ecumenical Temple!
There is a staircase back to the Dungeon here.
The worker ant misses you.
Casting: Beastly Appendage (safe; 1% risk of failure)
Confirm with . or Enter, or press ? or * to list all spells.
The spell is extremely dangerous to cast (19% risk of failure)!
Continue anyway?
You turn into a venomous arachnid creature.
You barely miss the worker ant. The worker ant misses you. x2
You barely miss the worker ant. The worker ant bites you.
You are lethally poisoned!
The worker ant poisons you!
You hit the worker ant.
The worker ant is poisoned.
The worker ant is lightly wounded.
You feel sick. The worker ant bites you.
* * * LOW HITPOINT WARNING * * *
You are more poisoned.
The worker ant poisons you!
It was a potion of stabbing.
You feel ready to backstab.
You die...

............♣ ......
.........<....♣ .
....................♣
.. ...........⌠.....⌠.♣
.♣.♣.♣.♣.♣............♣
......................♣
......................♣
......................♣
.......sa.P...........♣
..............8.....8.♣
........P.............♣
♣♣♣♣♣♣♣♣♣♣♣♣♣♣♣♣♣♣♣♣♣♣♣


You could see a worker ant (very poisoned).

Vanquished Creatures
  6 adders
  An ooze (D:2)
  A worm (D:2)
  5 dart slugs
  3 leopard geckos
  5 orcs (D:3)
  2 giant cockroaches
  7 goblins
  6 hobgoblins
  7 jackals
  6 kobolds
  2 quokkas
  9 bats
  A quokka skeleton (D:3)
  8 rats
69 creatures vanquished.

Vanquished Creatures (collateral kills)
  A jackal (D:1)
1 creature vanquished.

Grand Total: 70 creatures vanquished

Notes
Turn   | Place    | Note
-------+----------+-------------------------------------------
     0 | D:1      | Garessta the Felid Transmuter began the quest for the Orb.
     0 | D:1      | Reached XP level 1. HP: 9/9 MP: 4/4
    50 | D:1      | You fall into a shaft and drop 1 floor!
   792 | D:1      | Reached skill level 3 in Transmutations
   792 | D:1      | Reached XP level 2. HP: 10/12 MP: 6/6
   796 | D:1      | Learned a level 2 spell: Sticks to Snakes
  1594 | D:2      | Reached skill level 4 in Transmutations
  1594 | D:2      | Reached XP level 3. HP: 15/15 MP: 5/7
  2358 | D:2      | Found a glowing golden altar of the Shining One.
  2382 | D:2      | Reached XP level 4. HP: 10/19 MP: 6/8
  2563 | D:2      | Learned a level 3 spell: Spider Form
  3179 | D:2      | Reached skill level 5 in Transmutations
  3461 | D:3      | Found an opulent altar of Gozag.
  3637 | D:3      | Found a basalt altar of Yredelemnul.
  3637 | D:3      | Found a shadowy altar of Dithmenos.
  4284 | D:3      | Found a sparkling altar of Nemelex Xobeh.
  4512 | D:3      | Reached XP level 5. HP: 22/22 MP: 7/9
  4545 | D:3      | Slain by an orc
  4546 | D:3      | Reached XP level 4. HP: -2/19 MP: 8/8
  4716 | D:3      | You fall into a shaft and drop 2 floors!
  4716 | D:5      | Entered Level 5 of the Dungeon
  4716 | D:5      | Noticed Edmund
  4716 | D:5      | Noticed Grinder
  4737 | D:5      | Found a staircase to the Ecumenical Temple.
  4743 | Temple   | Entered the Ecumenical Temple
  4765 | Temple   | Succumbed to a worker ant's poison

Illustrated notes

Levels and vault maps discovered:
D:1:      mushboom_english_gardens, layout_basic, minmay_pentomino_z4
D:2:      layout_loops_ring, nicolae_overflow_hidden_temple
D:3:      layout_loops_cross, nicolae_overflow_crystal_walls,
          lemuel_doored_altar, gammafunk_temple_overflow_pools
D:5:      layout_basic, kennysheep_mini, temple_fountains, uniq_edmund,
          uniq_grinder, uniq_sigmund
Temple:   jpeg_temple_alley_garden

Skill      XL: |  1  2  3  4 |
---------------+-------------+-----
Transmutations | 3 4 5 |  5.9
Fighting       | |  1.0
Dodging        | |  2.6
Unarmed Combat | |  3.0
Spellcasting   | |  2.0

Action                   |  1- 3 |  4- 6 || total
-------------------------+-------+-------++-------
Melee: Unarmed           |   111 |   144 ||   255
       Headbutt          |    12 |    14 ||    26
       Bite              |     8 |     6 ||    14
       Punch             |     2 |     2 ||     4
 Cast: Beastly Appendage |    25 |    22 ||    47
       Sticks to Snakes  |     3 |       ||     3
       Spider Form       |       |     4 ||     4
  Use: Scroll            |       |     8 ||     8
       Potion            |       |     1 ||     1
 Stab: Sleeping          |     2 |     2 ||     4
  Eat: Chunk             |    11 |    11 ||    22
Armor: Skin              |     3 |    12 ||    15
Dodge: Dodged            |    89 |   139 ||   228
